 Dungeon Crawl Stone Soup version 0.32-a0-43-g058985b245 (webtiles) character file.

Game seed: 12756239423829136285

30 grandjackal the Slasher (level 3, 27/28 HPs)
             Began as a Demonspawn Gladiator on Feb 4, 2024.
             Quit the game on level 2 of the Dungeon.
             The game lasted 00:01:00 (778 turns).

grandjackal the Slasher (Demonspawn Gladiator)       Turns: 778, Time: 00:01:01

Health: 27/28      AC: 10    Str: 14    XL:     3   Next: 5%
Magic:  3/3        EV: 10    Int:  8    God:
Gold:   76         SH:  0    Dex: 16    Spells: 2/2 levels left

rFire   . . .        a - +0 long sword
rCold   + . .        (no shield)
rNeg    . . .        p - +0 scale mail
rPois   .            (helmet restricted)
rElec   .            (no cloak)
rCorr   .            (no gloves)
SInv    .            (no boots)
Will    .....        (no amulet) Stlth
                     f - ring of protection from cold
HPRegen 0.24/turn    j - +4 ring of protection
MPRegen 0.08/turn

%: no passive effects
@: no status effects
A: antennae 1, foul stench 1
a: no special abilities


You were on level 2 of the Dungeon.
You visited 1 branch of the dungeon, and saw 2 of its levels.

You collected 76 gold pieces.

Inventory:

Hand Weapons
 a - a +0 long sword (weapon)
Missiles
 d - 3 throwing nets (quivered)
 e - a javelin
Armour
 p - a +0 scale mail (worn)
Jewellery
 f - a ring of protection from cold (left hand)
 j - a +4 ring of protection (right hand)
Scrolls
 g - 2 scrolls of teleportation {unknown}
 h - a scroll of fog {unknown}
 l - a scroll of brand weapon {unknown}
 m - a scroll of enchant armour {unknown}
 n - a scroll of revelation {unknown}
 o - a scroll of noise {unknown}
Potions
 i - 2 potions of brilliance {unknown}
 k - 2 potions of might {unknown}


   Skills:
 + Level 2.6 Fighting
 + Level 3.1 Long Blades
 - Level 2.0 Throwing
 - Level 3.0 Dodging


You had 2 spell levels left.
You didn't know any spells.
Your spell library was empty.

Dungeon Overview and Level Annotations

Branches:
Dungeon (2/15)

Altars:


Innate Abilities, Weirdness & Mutations

You have a pair of small antennae on your head.
You may rarely emit foul miasma when damaged in melee.


Message History

You hit the ribbon worm.
The ribbon worm is lightly wounded.
The ribbon worm expels a string of sticky webbing.
The stream of webbing hits you but does no damage.
You are caught in a web!
The web tears apart.
You hit the ribbon worm.
The ribbon worm is moderately wounded.
The ribbon worm bites you but does no damage.
You barely miss the ribbon worm.
The ribbon worm is moderately wounded.
The ribbon worm bites you.
You slash the ribbon worm!
The ribbon worm is severely wounded.
The ribbon worm bites you.
You hit the ribbon worm.
The ribbon worm is severely wounded.
The ribbon worm barely misses you.
You completely miss the ribbon worm.
The ribbon worm is severely wounded.
The ribbon worm bites you.
You hit the ribbon worm.
The ribbon worm is severely wounded.
The ribbon worm expels a string of sticky webbing.
The stream of webbing hits you but does no damage.
You are caught in a web!
The web tears apart.
The ribbon worm bites you but does no damage.
You hit the ribbon worm. You punch the ribbon worm.
You kill the ribbon worm!
You have reached level 3!
Your experience leads to an increase in your attributes!
Increase (S)trength, (I)ntelligence, or (D)exterity?
You feel agile. x2
You feel monstrous as your demonic heritage exerts itself.
Your demonic ancestry asserts itself...
A pair of antennae grows on your head!
Your +0 helmet falls away!
You drop a +0 helmet.
Are you sure you want to abandon this character and quit the game? (Confirm with "yes".)

#.# .. #.. ... ..
... .. ..# ### #.
#.# ....##. #.#
.......###.#
#.†@...### ######
#......'.##.....#
#......#..#.....#
#......##...)...#
#......###......#
#......# #......#
#......#
#......####
#......#
#..........
#......#
#..........


There were no monsters in sight!

Vanquished Creatures
  A ribbon worm (D:2)
  2 dart slugs (D:1)
  3 endoplasms
  A giant cockroach (D:1)
  3 goblins (D:1)
  4 hobgoblins (D:1)
  2 kobolds (D:1)
  A quokka (D:1)
  A ball python (D:1)
  2 bats (D:1)
  A frilled lizard (D:1)
21 creatures vanquished.

Notes
Turn   | Place    | Note
-------+----------+-------------------------------------------
     0 | D:1      | grandjackal the Demonspawn Gladiator began the quest for
                  | the Orb.
     0 | D:1      | Reached XP level 1. HP: 16/16 MP: 1/1
   210 | D:1      | Gained mutation: You may rarely emit foul miasma when
                  | damaged in melee. [demonic ancestry]
   210 | D:1      | Reached XP level 2. HP: 19/22 MP: 2/2
   718 | D:2      | Found a faded altar of an unknown god.
   777 | D:2      | Discovered your monstrous ancestry.
   777 | D:2      | Gained mutation: You have a pair of small antennae on your
                  | head. [demonic ancestry]
   777 | D:2      | Reached XP level 3. HP: 26/28 MP: 3/3
   778 | D:2      | Quit the game

Illustrated notes

Levels and vault maps discovered:
D:1:      dpeg_arrival_yet_another_circle, layout_rooms, minmay_cut_off
D:2:      layout_basic, hellmonk_ecumenical_altar_leap_of_faith

Skill      XL: |  1  2 |
---------------+-------+-----
Throwing       | 2 |  2.0
Long Blades    | 3 |  3.1
Dodging        | 3 |  3.0
Fighting       | |  2.6

Action                     || total
---------------------------++-------
  Melee: Long sword        ||    44
         Punch             ||     1
 Armour: Leather armour    ||    21
         Scale mail        ||     5
  Dodge: Dodged            ||    16

Table legend: (Time is in decaauts)
 A = Elapsed time spent in this place.
 B = Non-inter-level travel time spent in this place.
 C = Inter-level travel time spent in this place.
 D = Time resting spent in this place.
 E = Time spent auto-exploring this place.
 F = Levels seen in this place.
 G = Mean time per level.
                   A        B        C        D        E       F      G
               +--------+--------+--------+--------+--------+-----+--------+
         Total |    788 |    765 |     23 |      0 |    589 |   2 |  394.0 |
       Dungeon |    788 |    765 |     23 |      0 |    589 |   2 |  394.0 |
               +--------+--------+--------+--------+--------+-----+--------+

Top non-repeatable levels by time:
     D:1: 603 daAuts
     D:2: 184 daAuts
